 Dungeon Crawl Stone Soup version 0.30-a0-458-g86641cc369 (webtiles) character file.

Game seed: 14354087833685079958

112 NinjaNoafa the Conjurer (level 4, -2/24 HPs)
             Began as a Tengu Conjurer on Dec 14, 2022.
             Splashed by a jelly's acid (7 damage)
             ... on level 3 of the Dungeon.
             The game lasted 00:05:04 (2707 turns).

NinjaNoafa the Conjurer (Tengu Conjurer)            Turns: 2707, Time: 00:05:05

Health: -2/24      AC: -2    Str:  7    XL:     4   Next: 93%
Magic:  10/10      EV: 12    Int: 21    God:
Gold:   51         SH:  0    Dex: 12    Spells: 4/10 levels left

rFire   . . .      SeeInvis .    u - +0 short sword (venom)
rCold   . . .      Faith    .    (no shield)
rNeg    . . .      Spirit   .    a - +0 robe
rPois   .          Reflect  .    (helmet restricted)
rElec   .          Harm     .    (no cloak)
rCorr   .          Rampage  .    (no gloves)
Will    .....                    (boots unavailable)
Stlth   ++........               i - amulet of regeneration
HPRegen 1.04/turn                (no ring)
MPRegen 0.12/turn                (no ring)

@: corroded
A: beak, talons 3
a: no special abilities


You were on level 3 of the Dungeon.
You visited 1 branch of the dungeon, and saw 3 of its levels.

You collected 51 gold pieces.

Inventory:

Hand Weapons
 q - a +1 dagger of speed
 u - a +0 short sword of venom (weapon)
Missiles
 k - 21 stones
 m - 15 poisoned darts
Armour
 a - a +0 robe (worn)
Jewellery
 i - an amulet of regeneration (around neck)
Scrolls
 c - a scroll of summoning {unknown}
 f - a scroll of identify {unknown}
 g - a scroll of enchant armour {unknown}
 j - 4 scrolls of teleportation {unknown}
 l - a scroll of immolation {unknown}
 n - a scroll of noise {unknown}
 p - a scroll of vulnerability {unknown}
 t - a scroll of poison {unknown}
Potions
 b - a potion of magic
 d - a potion of mutation {unknown}
 e - a potion of lignification {unknown}
 h - a potion of heal wounds {unknown}
 o - 3 potions of flight {unknown}
 r - a potion of attraction {unknown}
 s - a potion of curing {unknown}


   Skills:
 - Level 2.1 Dodging
 - Level 2.0 Stealth
 + Level 3.5 Spellcasting
 + Level 6.8 Conjurations


You had 4 spell levels left.
You knew the following spells:

 Your Spells              Type           Power      Damage    Failure   Level
a - Magic Dart            Conj           100%       1d8       1%          1
b - Searing Ray           Conj           64%        2d6       1%          2
c - Dazzling Flash        Conj/Hex       36%        N/A       10%         3

Your spell library contained the following spells:

 Spells                   Type           Power      Damage    Failure   Level
 Hailstorm                Conj/Ice       18%        3d6       10%         3
 Freeze                   Ice            12%        1d3       13%         1
 Fulminant Prism          Conj/Hex       9%         3d7       30%         4
 Iskenderun's Mystic Bla  Conj/Tloc      18%        2d6       30%         4
 Frozen Ramparts          Ice            6%         1d1       36%         3


Dungeon Overview and Level Annotations

Branches:
Dungeon (3/15)

Altars:
Wu Jian

Shops:
D:1 (


Innate Abilities, Weirdness & Mutations

You have a beak for a mouth.
You have claws for feet.


Message History

Press ? for a list of commands and other information.
The magic dart hits the kobold but does no damage.
The kobold shouts!
The magic dart hits the kobold.
The kobold is moderately wounded.
A kobold is nearby!
The magic dart hits the kobold.
You kill the kobold!
You can't see any susceptible monsters within range! (Use Z to cast anyway.) Magic restored.
You see here a +0 short sword of venom.
You open the door.
An endoplasm and a jelly come into view.
Found two goblin skeletons and a rat skeleton.
There are monsters nearby!
The magic dart hits the jelly.
The jelly is moderately wounded.
The jelly quivers.
You see here a +0 short sword of venom.
The jelly hits you but does no damage.
You see here a +0 short sword of venom.
u - a +0 short sword of venom The jelly barely misses you.
Your +0 short sword of venom begins to drip with poison!
u - a +0 short sword of venom (weapon)
The jelly closely misses you.
You hit the jelly. The acid corrodes you!
Your hands burn!
You claw the jelly, but do no damage. You peck the jelly, but do no damage.
The jelly is moderately wounded.
The jelly hits you.
You are splashed with acid!
You hit the jelly but do no damage.
Your hands burn!
You claw the jelly. You peck the jelly, but do no damage.
The jelly is severely wounded.
The jelly hits you. The acid corrodes you!
You are splashed with acid!
* * * LOW HITPOINT WARNING * * *
The jelly attacks as you move away! The jelly misses you.
The jelly attacks as you move away! The jelly hits you.
* * * LOW HITPOINT WARNING * * *
You are splashed with acid!
You die...

..# P÷# .J# ..#
P.# ÷÷#
#######'#
##..@J..#
#.########
##..'....#
####..).#
#.......# #.
#.......# .
##+###.......# #
##...##.......#
##....###.....##


You could see a jelly.

Vanquished Creatures
  An orc wizard (D:1)
  An adder (D:2)
  2 dart slugs (D:1)
  5 orcs
  3 ball pythons (D:2)
  3 bats
  7 endoplasms
  7 giant cockroaches
  6 goblins
  3 hobgoblins
  2 jackals (D:1)
  3 quokkas
  3 frilled lizards
  10 kobolds
  6 rats
62 creatures vanquished.

Vanquished Creatures (others)
  8 toadstools (D:3)
8 creatures vanquished.

Grand Total: 70 creatures vanquished

Notes
Turn   | Place    | Note
-------+----------+-------------------------------------------
     0 | D:1      | NinjaNoafa the Tengu Conjurer began the quest for the Orb.
     0 | D:1      | Reached XP level 1. HP: 10/10 MP: 4/4
   155 | D:1      | Reached XP level 2. HP: 11/15 MP: 0/6
   684 | D:1      | Learned a level 2 spell: Searing Ray
   713 | D:1      | Reached XP level 3. HP: 19/19 MP: 3/7
   783 | D:1      | Found Sorie's Weapon Shop.
   894 | D:1      | Reached skill level 6 in Conjurations
  1521 | D:2      | Reached XP level 4. HP: 24/24 MP: 5/9
  1544 | D:2      | Learned a level 3 spell: Dazzling Flash
  2305 | D:3      | Found an ornate altar of the Wu Jian Council.
  2707 | D:3      | Splashed by a jelly's acid

Illustrated notes

Levels and vault maps discovered:
D:1:      heliophobic_arrival_henge, layout_basic, serial_shops,
          nicolae_shop_advertising_works [nicolae_subvault_shop_adworks],
          minmay_hedge_maze
D:2:      layout_rooms
D:3:      cheibrodos_fertilizer, layout_loops_corners,
          mainiacjoe_overflow_concentric_impassable, minitemple,
          grunt_decor_cap, chequers_garden, minmay_misc_feat_rugged,
          uniq_crazy_yiuf_cottage

Skill      XL: |  1  2  3 |
---------------+----------+-----
Conjurations   | 6 |  6.8
Spellcasting   | 3 |  3.5
Dodging        | |  2.1
Stealth        | |  2.0

Action                   |  1- 3 |  4- 6 || total
-------------------------+-------+-------++-------
Melee: Dagger            |    13 |    19 ||    32
       Peck              |     3 |     5 ||     8
       Kick              |     4 |     7 ||    11
       Unarmed           |     1 |       ||     1
       Short sword       |       |     2 ||     2
 Cast: Magic Dart        |    67 |    27 ||    94
       Searing Ray       |     2 |     4 ||     6
Armor: Robe              |     9 |     5 ||    14
Dodge: Dodged            |    17 |    13 ||    30

Table legend: (Time is in decaauts)
 A = Elapsed time spent in this place.
 B = Non-inter-level travel time spent in this place.
 C = Inter-level travel time spent in this place.
 D = Time resting spent in this place.
 E = Time spent auto-exploring this place.
 F = Levels seen in this place.
 G = Mean time per level.
                   A        B        C        D        E       F      G
               +--------+--------+--------+--------+--------+-----+--------+
         Total |   2697 |   2588 |    109 |      0 |   2230 |   3 |  899.0 |
       Dungeon |   2697 |   2588 |    109 |      0 |   2230 |   3 |  899.0 |
               +--------+--------+--------+--------+--------+-----+--------+

Top non-repeatable levels by time:
     D:1: 1533 daAuts
     D:2: 764 daAuts
     D:3: 398 daAuts
